 Dungeon Crawl Stone Soup version 0.29-a0-519-g90894fa (webtiles) character file.

Game seed: 910742633600107634

169 Toastz the Poker (level 5, -1/49 HPs)
             Began as a Naga Warper on May 30, 2022.
             Slain by an orc
             ... wielding a +0 whip
              (2 damage)
             ... on level 2 of the Dungeon.
             The game lasted 00:06:25 (3875 turns).

Toastz the Poker (Naga Warper)                      Turns: 3875, Time: 00:06:26

Health: -1/49      AC:  4    Str: 15    XL:     5   Next: 50%
Magic:  8/8        EV:  8    Int: 14    God:
Gold:   98         SH:  0    Dex: 10    Spells: 6/8 levels left

rFire   . . .      SeeInvis +   a - +0 spear
rCold   . . .      Faith    .   (no shield)
rNeg    . . .      Spirit   .   k - +0 ring mail
rPois   +          Reflect  .   (no helmet)
rElec   .          Harm     .   (no cloak)
rCorr   .          Rampage  .   (no gloves)
Will    .....                   (no barding)
Stlth   ..........              (no amulet)
HPRegen 0.16/turn               (no ring)
MPRegen 0.11/turn               (no ring)

@: very slow
A: AC +1, large, see invisible, deformed body, poison resistance, slowness 2,
spit poison 1, naga tail 1
a: Spit Poison


You were on level 2 of the Dungeon.
You visited 1 branch of the dungeon, and saw 3 of its levels.

You collected 98 gold pieces.

Inventory:

Hand Weapons
 a - a +0 spear (weapon)
 i - the +6 mace of the Chickpea {speed, rElec rC+ Will+}
   (You found it on level 2 of the Dungeon)

   Attacks with this weapon are significantly faster.
   rC:        It protects you from cold.
   rElec:     It insulates you from electricity.
   Will:      It increases your willpower.
Missiles
 d - 6 boomerangs of dispersal
 f - 69 stones
 g - 3 poisoned darts
Armour
 b - a +0 leather armour
 k - a +0 ring mail (worn)
Wands
 n - a wand of polymorph (8)
Scrolls
 e - a scroll of vulnerability {unknown}
 j - a scroll of fear
 l - a scroll of brand weapon {unknown}
 m - a scroll of enchant weapon
Potions
 h - a potion of heal wounds {unknown}
 o - 2 potions of resistance
 p - a potion of mutation {unknown}


   Skills:
 + Level 3.5 Fighting
 * Level 4.6 Polearms
 - Level 0.8 Throwing
 - Level 0.7 Armour
 - Level 1.5 Dodging
 - Level 2.0 Spellcasting
 - Level 3.0 Translocations


You had 6 spell levels left.
You knew the following spells:

 Your Spells              Type           Power      Damage    Failure   Level
a - Blink                 Tloc           18%        N/A       21%         2

Your spell library contained the following spells:

 Spells                   Type           Power      Damage    Failure   Level
 Gell's Gravitas          Tloc           9%         N/A       38%         3
 Lesser Beckoning         Tloc           9%         N/A       38%         3
 Teleport Other           Tloc           9%         N/A       38%         3
 Manifold Assault         Tloc           9%         N/A       98%         5


Dungeon Overview and Level Annotations

Branches:
Dungeon (3/15)

Altars:

Shops:
D:3 (

Annotations:
D:2 Natasha


Innate Abilities, Weirdness & Mutations

Your serpentine skin is tough. (AC +1)
You have supernaturally acute eyesight. (SInv)
Armour fits poorly on your strangely shaped body.
Your system is resistant to poisons. (rPois)
You cover ground very slowly.
You can spit poison.
You have a snake-like lower body.


Message History

You are frozen.
You hit the endoplasm.
The endoplasm is almost dead.
The endoplasm hits you.
* * * LOW HITPOINT WARNING * * *
You hit the endoplasm.
You kill the endoplasm!
You hit the orc but do no damage. You hit the orc.
The orc is heavily wounded.
You have got your breath back.
The orc hits you with a +0 whip.
* * * LOW HITPOINT WARNING * * *
You hit the orc but do no damage.
The orc is heavily wounded.
The orc hits you with a +0 whip.
* * * LOW HITPOINT WARNING * * *
You hit the orc but do no damage.
The orc is heavily wounded.
The orc hits you but does no damage.
You closely miss the orc.
The orc is heavily wounded.
The orc hits you with a +0 whip.
* * * LOW HITPOINT WARNING * * *
You hit the orc but do no damage.
The orc is heavily wounded.
The orc barely misses you.
You closely miss the orc.
The orc is heavily wounded.
You hit the orc but do no damage.
The orc is heavily wounded.
The orc hits you but does no damage.
You closely miss the orc.
The orc is heavily wounded.
The orc hits you with a +0 whip.
* * * LOW HITPOINT WARNING * * *
You hit the orc.
The orc is almost dead.
The orc hits you with a +0 whip.
You die...

.#####.##.##......#.# #.#..
.......##..#......#.# #.#..
.......###)#......#.# #.#..
.......# #.###.####.#########.#..
.......# #.###.# #.#............
.......# #..##.# #.#.#######.#..
.......# ##.##.# #.#.#..........
.......####..#.####.#.#.#####.#.#
.......#<.....oo@...#.#.# #.#.#
.......#####...######.#.# #.#.#
......^# ##..# #.#.# #.#.#
######.######..# #.#.# #.#.#
#.......[>######.#.#####.#.#
#.....................##.#.#
#.....................##.#.#
#........................#.#
#.....................####.#


You could see 2 orcs.

Vanquished Creatures
  Natasha (twice) (D:2)
  3 gnolls (D:2)
  4 adders (D:2)
  3 worms (D:2)
  A dart slug (D:1)
  An orc (D:2)
  3 endoplasms
  2 giant cockroaches (D:2)
  3 goblins
  A hobgoblin (D:3)
  2 jackals (D:1)
  4 quokkas
  5 ball pythons
  2 bats (D:1)
  5 frilled lizards
  7 kobolds
  4 rats (D:1)
52 creatures vanquished.

Notes
Turn   | Place    | Note
-------+----------+-------------------------------------------
     0 | D:1      | Toastz the Naga Warper began the quest for the Orb.
     0 | D:1      | Reached XP level 1. HP: 19/19 MP: 3/3
   195 | D:1      | Reached XP level 2. HP: 15/26 MP: 5/5
   631 | D:1      | Learned a level 2 spell: Blink
   698 | D:1      | Reached skill level 3 in Polearms
   698 | D:1      | Reached XP level 3. HP: 32/32 MP: 6/6
   989 | D:2      | Noticed Natasha
  1005 | D:2      | Killed Natasha
  1329 | D:2      | Reached XP level 4. HP: 33/40 MP: 7/7
  1428 | D:2      | Identified the +6 mace of the Chickpea {speed, rElec rC+
                  | Will+}
  2049 | D:2      | Reached skill level 4 in Polearms
  2169 | D:2      | Reached XP level 5. HP: 7/49 MP: 8/8
  2617 | D:2      | Noticed Natasha
  2627 | D:2      | Killed Natasha
  3157 | D:3      | Found Otteina's Antique Weapon Emporium.
  3211 | D:3      | Found a faded altar of an unknown god.
  3704 | D:2      | Noticed Natasha
  3874 | D:2      | HP: 1/49 [orc/+0 whip (4)]
  3875 | D:2      | Slain by an orc

Illustrated notes

Levels and vault maps discovered:
D:1:      zaba_arrival_water, layout_rooms
D:2:      layout_basic, uniq_natasha
D:3:      layout_rooms, nicolae_ecumenical_oubliette, serial_shops,
          nicolae_shop_hallway_stairs, uniq_robin

Skill      XL: |  1  2  3  4 |
---------------+-------------+-----
Polearms       | 3 4 |  4.6
Fighting       | 3 |  3.5
Throwing       | |  0.8
Armour         | |  0.7
Dodging        | |  1.5
Spellcasting   | |  2.0
Translocations | |  3.0

Action                   |  1- 3 |  4- 6 || total
-------------------------+-------+-------++-------
Melee: Spear             |    88 |   119 ||   207
       Punch             |     2 |       ||     2
Throw: Dart              |     5 |     2 ||     7
       Stone             |     1 |       ||     1
       Boomerang         |     1 |       ||     1
 Abil: Spit Poison       |    16 |    21 ||    37
  Use: Potion            |     2 |       ||     2
       Scroll            |       |     4 ||     4
Armor: Leather armour    |     6 |       ||     6
       Ring mail         |     7 |    23 ||    30
       Skin              |     6 |       ||     6
Dodge: Dodged            |    27 |    36 ||    63

Table legend: (Time is in decaauts)
 A = Elapsed time spent in this place.
 B = Non-inter-level travel time spent in this place.
 C = Inter-level travel time spent in this place.
 D = Time resting spent in this place.
 E = Time spent auto-exploring this place.
 F = Levels seen in this place.
 G = Mean time per level.
                   A        B        C        D        E       F      G
               +--------+--------+--------+--------+--------+-----+--------+
         Total |   4517 |   4226 |    291 |   1153 |   2556 |   3 | 1505.7 |
       Dungeon |   4517 |   4226 |    291 |   1153 |   2556 |   3 | 1505.7 |
               +--------+--------+--------+--------+--------+-----+--------+

Top non-repeatable levels by time:
     D:2: 3284 daAuts
     D:1: 1106 daAuts
     D:3: 127 daAuts
